 Dungeon Crawl Stone Soup version 0.29-a0-317-gd16b76e6b1 (webtiles) character file.

Game seed: 5658931204549431278

226 Murumi the Agent of Entropy (level 6, 0/47 (48) HPs)
             Began as a Formicid Abyssal Knight on Apr 1, 2022.
             Was a Priest of Lugonu.
             Slain by Eustachio
             ... wielding a +2 falchion of holy wrath
              (6 damage)
             ... on level 4 of the Dungeon.
             The game lasted 00:12:02 (3836 turns).

Murumi the Agent of Entropy (FoAK)                  Turns: 3836, Time: 00:12:03

HP:   0/47 (48)     AC: 11    Str: 19    XL:     6   Next: 21%
MP:   9/9           EV:  6    Int: 10    God:    Lugonu [***...]
Gold: 8             SH:  0    Dex: 11    Spells: 5/5 levels left

rFire   . . .      SeeInvis +   n - +1 flail (drain)
rCold   . . .      Faith    .   (no shield)
rNeg    . . .      Spirit   .   g - +0 plate armour
rPois   .          Reflect  .   (helmet unavailable)
rElec   .          Harm     .   (no cloak)
rCorr   .          Rampage  .   (no gloves)
Will    .....                   (no boots)
Stlth   ..........              a - amulet of the acrobat
HPRegen 0.15/turn               (no ring)
MPRegen 0.11/turn               (no ring)

@: lightly drained
A: permanent stasis, dig shafts and tunnels, antennae 3, four strong arms
a: Dig, Shaft Self, Renounce Religion, Depart the Abyss, Bend Space, Banish


You were on level 4 of the Dungeon.
You worshipped Lugonu.
Lugonu was most pleased with you.
You visited 1 branch of the dungeon, and saw 4 of its levels.
You visited the Abyss 1 time.

You collected 125 gold pieces.
You spent 117 gold pieces at shops.

Inventory:

Hand Weapons
 n - a +1 flail of draining (weapon)
Armour
 g - a +0 plate armour (worn)
Jewellery
 a - an amulet of the acrobat (around neck)
Scrolls
 h - 2 scrolls of fog
 i - a scroll of amnesia
 m - a scroll of holy word
Potions
 b - a potion of lignification
 c - a potion of heal wounds {unknown}
 d - a potion of cancellation {unknown}
 e - a potion of attraction {unknown}
 f - 2 potions of ambrosia
 j - 2 potions of mutation {unknown}
 k - a potion of degeneration {unknown}
 l - 2 potions of resistance {unknown}


   Skills:
 - Level 4.0 Fighting
 - Level 3.0 Maces & Flails
 - Level 4.0 Armour
 - Level 1.0 Dodging
 - Level 2.0 Stealth
 + Level 4.4 Invocations


You had 5 spell levels left.
You didn't know any spells.
Your spell library contained the following spells:

 Spells                   Type           Power      Damage    Failure   Level
 Gell's Gravitas          Tloc           0%         N/A       100%        3
 Lesser Beckoning         Tloc           0%         N/A       100%        3
 Teleport Other           Tloc           0%         N/A       100%        3


Dungeon Overview and Level Annotations

Branches:
Dungeon (4/15)
 Temple: D:4-7

Altars:

Shops:
D:3 [!(

Annotations:
D:4 Eustachio


Innate Abilities, Weirdness & Mutations

You cannot be hasted, slowed, berserked, paralysed or teleported.
You can dig through walls and to a lower floor.
You have a pair of large antennae on your head. (SInv)
Your four strong arms can wield two-handed weapons with a shield.


Message History

Lugonu accepts your kill. The orc hits you with a +0 whip.
* * * LOW HITPOINT WARNING * * *
You hit the orc but do no damage. The orc barely misses you.
You hit the orc. You drain the orc.
The orc is heavily wounded.
The orc hits you but does no damage.
You hit the orc but do no damage. You drain the orc.
The orc is severely wounded.
The orc barely misses you.
You closely miss the orc. You punch the orc.
You kill the orc!
Lugonu accepts your kill.
You closely miss Eustachio.
Eustachio is lightly wounded.
Eustachio says, "My allies will avenge me."
Eustachio hits you with a +2 falchion of holy wrath.
* * * LOW HITPOINT WARNING * * *
Eustachio calls on the powers of shadow!
Eustachio barely misses you.
You closely miss Eustachio.
Eustachio is lightly wounded.
Eustachio gestures wildly while chanting.
You closely miss Eustachio.
Eustachio is lightly wounded.
You hear a shout!
Eustachio hits you but does no damage.
You hear a shout!
You barely miss Eustachio.
Eustachio is lightly wounded.
Eustachio hits you but does no damage.
You barely miss Eustachio.
Eustachio is lightly wounded.
Eustachio hits you but does no damage.
Eustachio hits you with a +2 falchion of holy wrath.
* * * LOW HITPOINT WARNING * * *
You miss Eustachio.
Eustachio is lightly wounded.
Eustachio hits you with a +2 falchion of holy wrath.
You die...

#$..........$.......#
####........{.5....#
###'#####{{{#####
########<.# #{{{#
.........{# ##.r.#
########{#####.##.###
#....###.{....{......#
#
..#.##@#########.##.#
#.##.#.###@# .# #
#......#####
###.......#
#.........#{
#.#.<.....# #
###.....# +.....#
#.....# #.....#


You could see Eustachio (drained).

Vanquished Creatures
  A hound (D:4)
  A jelly (D:4)
  An orc priest (D:4)
  An orc wizard (D:3)
  2 adders
  An ufetubus (D:4)
  4 worms
  5 dart slugs
  4 orcs
  A ball python (D:1)
  6 endoplasms
  7 giant cockroaches
  4 goblins
  4 hobgoblins
  6 kobolds
  3 quokkas
  3 bats
  4 frilled lizards (D:1)
  4 rats
62 creatures vanquished.

Notes
Turn   | Place    | Note
-------+----------+-------------------------------------------
     0 | Abyss:1  | Murumi the Formicid Abyssal Knight began the quest for the
                  | Orb.
     0 | Abyss:1  | Reached XP level 1. HP: 18/18 MP: 2/2
    31 | D:1      | Escaped the Abyss
    46 | D:1      | Reached skill level 1 in Dodging
   150 | D:1      | Reached XP level 2. HP: 11/25 MP: 3/3
   595 | D:1      | Reached XP level 3. HP: 28/30 MP: 4/4
   780 | D:1      | Reached *** piety under Lugonu
  1746 | D:2      | Reached skill level 1 in Stealth
  1779 | D:2      | Reached XP level 4. HP: 33/37 MP: 6/6
  2595 | D:3      | Found Nimenaun's Antique Weapon Emporium.
  2647 | D:3      | Reached XP level 5. HP: 4/42 MP: 6/8
  3181 | D:3      | Bought a glowing flail for 117 gold pieces
  3218 | D:3      | Found a faded altar of an unknown god.
  3280 | D:3      | Found Gayrhosh's Distillery.
  3304 | D:3      | Found Isygeaw's Antique Armour Shoppe.
  3785 | D:4      | Noticed Eustachio
  3810 | D:4      | Reached XP level 6. HP: 37/45 MP: 9/9
  3836 | D:4      | Slain by Eustachio

Illustrated notes

Levels and vault maps discovered:
D:1:      erik_arrival_orb_chamber, layout_loops_ring
D:2:      layout_basic
D:3:      layout_loops_ring, shapermc_ecumenical_altar_petra, serial_shops,
          shop_statue, shop, shop, nicolae_wormholes
D:4:      layout_basic, kennysheep_mini, minmay_shop_grid_forest,
          minmay_misc_feat_four_crosses, nrook_loot_triangle,
          minmay_ruined_shrine, uniq_grinder, uniq_eustachio

Skill      XL: |  1  2  3  4  5  6 |
---------------+-------------------+-----
Dodging        | 1 |  1.0
Fighting       | 4 |  4.0
Armour         | 3 4 |  4.0
Invocations    | 3 4 |  4.4
Stealth        | 1 2 |  2.0
Maces & Flails | 3 |  3.0

Action                   |  1- 3 |  4- 6 || total
-------------------------+-------+-------++-------
Melee: Mace              |   102 |    57 ||   159
       Punch             |     3 |     3 ||     6
       Flail             |       |    46 ||    46
 Abil: Dig               |       |     2 ||     2
  Use: Scroll            |     5 |     4 ||     9
Armor: Leather armour    |    22 |       ||    22
       Plate armour      |    13 |    69 ||    82
Dodge: Dodged            |    42 |    45 ||    87

Table legend: (Time is in decaauts)
 A = Elapsed time spent in this place.
 B = Non-inter-level travel time spent in this place.
 C = Inter-level travel time spent in this place.
 D = Time resting spent in this place.
 E = Time spent auto-exploring this place.
 F = Levels seen in this place.
 G = Mean time per level.
                   A        B        C        D        E       F      G
               +--------+--------+--------+--------+--------+-----+--------+
         Total |   3899 |   3551 |    348 |      2 |   2991 |   5 |  779.8 |
       Dungeon |   3868 |   3520 |    348 |      2 |   2965 |   4 |  967.0 |
         Abyss |     31 |     31 |      0 |      0 |     26 |   1 |   31.0 |
               +--------+--------+--------+--------+--------+-----+--------+

Top non-repeatable levels by time:
     D:1: 1432 daAuts
     D:3: 1216 daAuts
     D:2: 1060 daAuts
     D:4: 158 daAuts
 Abyss:1: 31 daAuts
